 Dungeon Crawl Stone Soup version 0.27-a0-1438-g9b7c6745da (webtiles) character file.

Game seed: 11791304877688527963

5611 Delamore the Cruncher (level 11, 0/82 HPs)
             Began as a Formicid Fighter on July 4, 2021.
             Was an Initiate of Gozag.
             Killed from afar by an efreet (20 damage)
             ... with a fireball
             ... on level 9 of the Dungeon.
             The game lasted 00:08:51 (6946 turns).

Delamore the Cruncher (Formicid Fighter)            Turns: 6946, Time: 00:08:51

Health: 0/82       AC: 15    Str: 31    XL:     11   Next: 3%
Magic:  11/11      EV:  9    Int:  7    God:    Gozag
Gold:   432        SH: 11    Dex: 10    Spells: 10/10 levels left

rFire    . . .     SeeInvis +   a - +1 quarterstaff
rCold    . . .     Faith    .   c - +0 kite shield
rNeg     . . .     Spirit   .   b - +0 scale mail
rPois    .         Reflect  .   (helmet unavailable)
rElec    .         Harm     .   j - +0 cloak
rCorr    .         Rampage  .   q - +2 pair of gloves
Will     +....                  (no boots)
Stlth    ..........             e - amulet of regeneration
HPRegen  1.23/turn              t - +6 ring of strength
MPRegen  0.12/turn              C - +4 ring of protection

@: gold aura
A: permanent stasis, dig shafts and tunnels, antennae 3, four strong arms
a: Dig, Shaft Self, Renounce Religion, Potion Petition, Call Merchant, Bribe
Branch


You were on level 9 of the Dungeon.
You worshipped Gozag.
Gozag was aware of your devotion.
You visited 2 branches of the dungeon, and saw 10 of its levels.

You collected 1238 gold pieces.
You paid 806 gold pieces to Gozag.

Inventory:

Hand Weapons
 a - a +1 quarterstaff (weapon)
Missiles
 l - 46 poisoned darts (quivered)
 p - 3 curare-tipped darts
 r - 8 silver boomerangs
 s - 17 boomerangs
Armour
 b - a +0 scale mail (worn)
 c - a +0 kite shield (worn)
 f - a +0 pair of gloves
 i - a +3 tower shield
 j - a +0 cloak (worn)
 q - a +2 pair of gloves (worn)
Jewellery
 e - an amulet of regeneration (around neck)
 o - a +6 ring of strength
 t - a +6 ring of strength (left hand)
 u - an amulet of reflection
 C - a +4 ring of protection (right hand)
 D - an amulet of magic regeneration
 E - a +6 ring of dexterity
Wands
 k - a wand of flame (27)
 z - a wand of digging (7)
Scrolls
 n - 2 scrolls of enchant armour
 y - 3 scrolls of identify
Potions
 d - a potion of might
 g - a potion of invisibility
 h - 3 potions of mutation
 m - 2 potions of lignification
 v - 2 potions of cancellation
 w - 2 potions of flight
 x - 3 potions of degeneration
 A - 3 potions of brilliance {unknown}
 B - 2 potions of attraction {unknown}
 F - a potion of curing
 G - a potion of haste {unknown}
 H - 2 potions of resistance {unknown}


   Skills:
 + Level 6.3 Fighting
 - Level 14.0 Staves
 - Level 3.2 Armour
 + Level 5.6 Shields


You had 10 spell levels left.
You didn't know any spells.
Your spell library contained the following spells:

 Spells                   Type           Power      Damage    Failure   Level
 Apportation              Tloc           0%         N/A       88%         1
 Poisonous Vapours        Pois/Air       0%         N/A       96%         2
 Conjure Flame            Conj/Fire      0%         6-21      99%         3
 Ignite Poison            Fire/Tmut/Pois 0%         N/A       99%         3
 Inner Flame              Hex/Fire       0%         N/A       99%         3
 Mephitic Cloud           Conj/Pois/Air  0%         N/A       99%         3
 Cause Fear               Hex            0%         N/A       100%        4
 Sticky Flame             Conj/Fire      0%         2d3       100%        4
 Summon Ice Beast         Ice/Summ       0%         N/A       100%        4
 Alistair's Intoxication  Tmut/Pois      0%         N/A       100%        5
 Freezing Cloud           Conj/Ice/Air   0%         6-21      100%        5
 Summon Mana Viper        Hex/Summ       0%         N/A       100%        5
 Invisibility             Hex            0%         N/A       100%        6
 Monstrous Menagerie      Summ           0%         N/A       100%        7
 Borgnjor's Revivificati  Necr           0%         N/A       100%        8
 Discord                  Hex            0%         N/A       100%        8
 Necromutation            Tmut/Necr      0%         N/A       100%        8
 Death's Door             Necr           0%         N/A       100%        9


Dungeon Overview and Level Annotations

Branches:
Dungeon (9/15)             Temple (1/1) D:5
   Lair: D:8-11         Orc: D:9-12

Altars:
Ashenzari
Cheibriados
Elyvilon
Gozag
Hepliaklqana
Kikubaaqudgha
Makhleb
Nemelex Xobeh
Ru
Sif Muna
Trog
Uskayaw
Vehumet
Xom
Yredelemnul
Zin

Shops:
D:8 (

Annotations:
D:5 2 runed translucent doors, smalleywall's ghost, novice OpTm


Innate Abilities, Weirdness & Mutations

You cannot be hasted, slowed, berserked, paralysed or teleported.
You can dig through walls and to a lower floor.
You have a pair of large antennae on your head. (SInv)
Your four strong arms can wield two-handed weapons with a shield.


Message History

The efreet gestures at you. The bolt of fire hits you!
The bolt of fire hits the plant!!
The plant begins to die.
The centaur warrior hits you! You block the centaur warrior's attack.
You are too injured to fight recklessly!
You are too injured to fight recklessly!
You are too injured to fight recklessly!
You are too injured to fight recklessly!
You are too injured to fight recklessly!
You are too injured to fight recklessly!
You are too injured to fight recklessly!
You are too injured to fight recklessly!
You are too injured to fight recklessly!
You are too injured to fight recklessly!
You are too injured to fight recklessly!
You are too injured to fight recklessly!
You are too injured to fight recklessly!
You are too injured to fight recklessly!
The centaur warrior wields a +1 longbow of freezing.
It is covered in frost.
The centaur warrior shoots an arrow.
The arrow hits you. The arrow freezes you.
* * * LOW HITPOINT WARNING * * *
The efreet hits you but does no damage.
There is an open door, spattered with blood here.
The efreet gestures at you. The bolt of fire hits you.
* * * LOW HITPOINT WARNING * * *
You sock the centaur warrior!
You kill the centaur warrior!
Your Fighting skill increases to level 6!
Your Shields skill increases to level 5!
You have reached level 11!
You sock the efreet!
The efreet is moderately wounded.
You hit the efreet but do no damage.
The efreet is moderately wounded.
The efreet gestures at you.
The fireball explodes!
The fireball engulfs you!!
You die...
Your body crumbles into a pile of gold.

.#.#.#..#.#.#.#P...P#.#
.#..#.....#.#.#######.#
.#[.##...#.#..........#
#.#).#..#.#..####.#.#.#
#..###.#.#.).#.#.#.##.#
..#####.#.#####.......#
#.###.#.#.#.##...####.#
##.#..##.##..####.##..#
.......)#.#.#...@.....#
#######.#.#.#.###R###.#
#.....#....#..#P.u.P#.#
#.###.#.##....#.###.#.#
#.'.#.'.#####.#u#)#.#.#
#.###.#.#.#...#u#'#.#.#
#.....#..##.#.#P...P#.#
#######.#.###.#######.#
......................#


You could see a cyan ugly thing and an efreet.

Vanquished Creatures
  A centaur warrior (D:9)
  An ugly thing (D:9)
  A manticore (D:8)
  A troll (D:9)
  A vampire (D:9)
  A wyvern (D:9)
  Menkaure (D:5)
  A warg (shapeshifter) (D:9)
  A water moccasin (D:9)
  An orc warrior (D:7)
  A black bear (D:8)
  A sky beast (D:8)
  A necrophage (D:5)
  6 ogres
  A centaur (D:7)
  2 phantoms
  4 kobold brigands
  2 bullfrogs (D:9)
  4 wyvern zombies
  2 water moccasin skeletons
  7 killer bees
  A wight (D:9)
  8 howler monkeys
  2 bullfrog zombies
  3 hounds
  5 orc priests
  2 centaur skeletons (D:5)
  A jelly (D:5)
  2 bullfrog skeletons
  2 iguanas
  4 orc wizards
  A killer bee zombie (D:7)
  A howler monkey zombie (D:7)
  4 gnolls (D:7)
  11 adders
  2 shadow imps
  A white imp (D:6)
  An ufetubus (D:6)
  3 worms
  3 dart slugs
  20 orcs
  5 ball pythons
  3 endoplasms
  2 giant cockroaches (D:3)
  5 hobgoblins
  5 jackals (D:3)
  3 quokkas
  3 bats
  A frilled lizard (D:1)
  7 goblins
  19 kobolds
  9 rats
180 creatures vanquished.

Vanquished Creatures (others)
  4 plants (D:9)
4 creatures vanquished.

Grand Total: 184 creatures vanquished

Notes
Turn   | Place    | Note
-------+----------+-------------------------------------------
     0 | D:1      | Delamore the Formicid Fighter began the quest for the Orb.
     0 | D:1      | Reached XP level 1. HP: 18/18 MP: 1/1
   369 | D:1      | Reached XP level 2. HP: 24/24 MP: 2/2
   711 | D:2      | Reached skill level 3 in Staves
   711 | D:2      | Reached XP level 3. HP: 29/30 MP: 3/3
   794 | D:2      | Reached XP level 4. HP: 34/37 MP: 4/4
  1463 | D:3      | Reached skill level 4 in Staves
  1463 | D:3      | Reached XP level 5. HP: 42/42 MP: 5/5
  1659 | D:3      | Found an ancient bone altar of Kikubaaqudgha.
  1909 | D:3      | Found a sacrificial altar of Ru.
  1988 | D:3      | Found a shimmering altar of Xom.
  1989 | D:3      | Found a hazy altar of Hepliaklqana.
  1990 | D:3      | Noticed a spectral ugly thing
  2111 | D:3      | Found a radiant altar of Vehumet.
  2596 | D:4      | Reached XP level 6. HP: 35/49 MP: 6/6
  2603 | D:4      | Reached skill level 5 in Staves
  2956 | D:4      | Noticed an ogre
  2965 | D:4      | Killed an ogre
  2966 | D:4      | Reached skill level 5 in Fighting
  3087 | D:5      | Entered Level 5 of the Dungeon
  3144 | D:5      | Found a staircase to the Ecumenical Temple.
  3164 | Temple   | Entered the Ecumenical Temple
  3279 | Temple   | Became a worshipper of Gozag Ym Sagoz the Greedy
  3316 | D:5      | Reached skill level 6 in Staves
  3316 | D:5      | Reached XP level 7. HP: 52/56 MP: 7/7
  3394 | D:5      | Reached skill level 7 in Staves
  3407 | D:5      | Noticed Menkaure
  3417 | D:5      | Killed Menkaure
  3424 | D:5      | Reached XP level 8. HP: 38/62 MP: 8/8
  3482 | D:5      | Reached skill level 8 in Staves
  3662 | D:5      | Found a large runed translucent door.
  3663 | D:5      | Found a large runed translucent door.
  3665 | D:5      | Noticed smalleywall's ghost (novice OpTm)
  3999 | D:5      | Reached skill level 9 in Staves
  4020 | D:5      | HP: 3/62 [poisoned by a killer bee]
  4363 | D:6      | Reached skill level 10 in Staves
  4363 | D:6      | Reached XP level 9. HP: 62/68 MP: 9/9
  4910 | D:7      | Reached skill level 11 in Staves
  5358 | D:7      | Reached skill level 12 in Staves
  5589 | D:8      | Found a snail-covered altar of Cheibriados.
  5595 | D:8      | Noticed a manticore
  5611 | D:8      | HP: 1/68 [manticore (10)]
  5616 | D:8      | Killed a manticore
  5617 | D:8      | Reached XP level 10. HP: 4/74 MP: 10/10
  5868 | D:8      | Reached skill level 13 in Staves
  6677 | D:9      | Noticed a red ugly thing
  6697 | D:9      | Killed a red ugly thing
  6698 | D:9      | Reached skill level 14 in Staves
  6870 | D:9      | Found a hide-covered altar of Uskayaw.
  6928 | D:9      | Noticed a centaur warrior
  6928 | D:9      | Noticed a cyan ugly thing
  6928 | D:9      | Noticed a brown ugly thing
  6929 | D:9      | Noticed an efreet
  6944 | D:9      | Killed a centaur warrior
  6945 | D:9      | Reached skill level 5 in Shields
  6945 | D:9      | Reached XP level 11. HP: 18/82 MP: 11/11
  6946 | D:9      | Killed from afar by an efreet

Illustrated notes

Levels and vault maps discovered:
D:1:      co_arrival_square_in_a_square_in_a_square, layout_basic
D:2:      layout_loops_ring, minmay_tromino_v2
D:3:      layout_loops_ring, regret_index_temple_of_mockery, marbit_many_paths,
          lemuel_doored_altar, nicolae_ru_awakened_eye, st_stairs_4
D:4:      layout_basic
D:5:      layout_gridville, minmay_temple_entry_arrows,
          ebering_ghost_disaster_area, uniq_menkaure
D:6:      layout_rooms, hangedman_decor_growths
D:7:      layout_rooms
D:8:      layout_basic, old_standard_altar
D:9:      layout_loops_ring, lemuel_coloured_pillars_altar,
          nicolae_qazlal_general_emergency, chequers_serial_rivers_small_3,
          minmay_shattered_shrine
Temple:   nicolae_temple_figure_zero

Skill      XL: |  1  2  3  4  5  6  7  8  9 10 |
---------------+-------------------------------+-----
Staves         | 3 4 6 7 10 12 14 | 14.0
Fighting       | 4 5 6 |  6.3
Shields        | 5 |  5.6
Armour         | |  3.2

Action                   |  1- 3 |  4- 6 |  7- 9 | 10-12 || total
-------------------------+-------+-------+-------+-------++-------
Melee: Quarterstaff      |    69 |   165 |   306 |   149 ||   689
Throw: Dart              |       |     4 |    38 |       ||    42
       Boomerang         |       |       |     1 |       ||     1
Invok: Call Merchant     |       |       |       |     1 ||     1
 Abil: Dig               |       |       |     9 |       ||     9
  Use: Scroll            |     1 |     4 |    12 |       ||    17
       Potion            |       |       |     5 |       ||     5
Armor: Scale mail        |    41 |    62 |   144 |    54 ||   301
Dodge: Dodged            |    26 |    70 |   120 |    30 ||   246
Block: Kite shield       |    36 |    70 |   184 |    63 ||   353

Table legend: (Time is in decaauts)
 A = Elapsed time spent in this place.
 B = Non-inter-level travel time spent in this place.
 C = Inter-level travel time spent in this place.
 D = Time resting spent in this place.
 E = Time spent auto-exploring this place.
 F = Levels seen in this place.
 G = Mean time per level.
                   A        B        C        D        E       F      G
               +--------+--------+--------+--------+--------+-----+--------+
         Total |   6994 |   6780 |    214 |    467 |   4867 |  10 |  699.4 |
       Dungeon |   6868 |   6663 |    205 |    467 |   4754 |   9 |  763.1 |
        Temple |    125 |    116 |      9 |      0 |    113 |   1 |  125.0 |
               +--------+--------+--------+--------+--------+-----+--------+

Top non-repeatable levels by time:
     D:5: 1013 daAuts
     D:4: 901 daAuts
     D:3: 842 daAuts
     D:9: 784 daAuts
     D:7: 746 daAuts
     D:2: 740 daAuts
     D:6: 675 daAuts
     D:1: 667 daAuts
     D:8: 497 daAuts
  Temple: 125 daAuts
